 Dungeon Crawl Stone Soup version 0.25-a0-167-g836c352ace (webtiles) character file.

Game seed: 7597610640099351969, levelgen mode: deterministic

88 Leeroy the Conjurer (level 4, -2/33 HPs)
             Began as a Draconian Conjurer on Nov 25, 2019.
             Killed by divine providence
             ... invoked by an orc priest
              (13 damage)
             ... on level 2 of the Dungeon.
             The game lasted 00:06:48 (2319 turns).

Leeroy the Conjurer (Draconian Conjurer)            Turns: 2319, Time: 00:06:48

Health: -2/33      AC:  9    Str: 10    XL:     4   Next: 30%
Magic:  1/7        EV: 12    Int: 16    God:
Gold:   92         SH:  0    Dex: 12    Spells: 4/7 levels left

rFire    . . .     SeeInvis .   n - +0 long sword
rCold    . . .     Gourm    .   (no shield)
rNeg     . . .     Faith    .   (armour unavailable)
rPois    .         Spirit   .   (helmet restricted)
rElec    .         Reflect  .   a - +2 cloak
rCorr    .         Harm     .   (no gloves)
MR       .....                  q - +0 pair of boots
Stlth    ++........             (no amulet)
HPRegen  0.11/turn              (no ring)
MPRegen  0.10/turn              (no ring)

@: lethally poisoned (-2 -> -3)
A: unfitting armour, cold-blooded, AC +5
a: no special abilities


You were on level 2 of the Dungeon.
You were hungry.

You visited 1 branch of the dungeon, and saw 3 of its levels.

You collected 92 gold pieces.

Inventory:

Hand Weapons
 d - a +0 dagger
 g - a +0 short sword
 h - a +0 spear
 m - a +0 dagger
 n - a +0 long sword (weapon)
Missiles
 r - a throwing net (quivered)
Armour
 a - a +2 cloak (worn)
 q - a +0 pair of boots (worn)
Jewellery
 e - a +4 ring of dexterity {unknown}
 i - a +2 ring of intelligence {unknown}
Wands
 o - a wand of polymorph (6)
Scrolls
 c - a scroll of enchant weapon {unknown}
 j - a scroll of fog {unknown}
Potions
 f - a potion of mutation {unknown}
 k - 2 potions of curing
 l - 2 potions of agility {unknown}
 p - a potion of flight {unknown}
 s - a potion of lignification {unknown}
Comestibles
 b - 2 rations


   Skills:
 - Level 1.7 Dodging
 - Level 3.0 Stealth
 - Level 2.0 Spellcasting
 + Level 5.3 Conjurations


You had 4 spell levels left.
You knew the following spells:

 Your Spells              Type           Power        Failure   Level  Hunger
a - Magic Dart            Conj           ###.         2%          1    #......
b - Searing Ray           Conj           ###...       3%          2    ###....

Your spell library contained the following spells:

 Spells                   Type           Power        Failure   Level  Hunger
 Dazzling Spray           Conj/Hex       ##....       22%         3    ###....
 Iskenderun's Mystic Bla  Conj           ###.....     24%         4    #####..
 Force Lance              Conj/Tloc      ##......     56%         4    #####..
 Fulminant Prism          Conj/Hex       ##........   56%         4    #####..


Dungeon Overview and Level Annotations

Branches:
Dungeon (3/15)

Altars:
Fedhas
Kikubaaqudgha
Qazlal
Yredelemnul


Innate Abilities, Weirdness & Mutations

Your plain brown scales are hard. (AC +5)
You cannot fit into any form of body armour.
You are cold-blooded and may be slowed by cold attacks.


Message History

The adder barely misses you.
You hit the orc priest but do no damage.
The orc priest is almost dead.
You feel sick.
The orc priest hits you but does no damage.
The adder barely misses you.
The orc priest looks satisfied for a moment.
You barely miss the orc priest.
You tail-slap the orc priest, but do no damage.
The orc priest is almost dead.
The adder bites you but does no damage. The orc priest misses you.
You riposte.
You hit the orc priest but do no damage.
The orc priest is almost dead.
The adder bites you but does no damage.
You barely miss the orc priest.
The orc priest is almost dead.
The adder bites you but does no damage.
The orc priest mumbles some strange prayers to Beogh against you.
Beogh smites you!
You die...

#.# #.# #.# #.# #.#
#.############ #(#
#.............
#.##############.........##
#.........................#
################.....[....#
#####S...............
#...@o..##..........#
#....)..##..........#
#........+...........
#.......##..........#
######.####..........#
#.........##########.#
#.........# #.# #.........#
#.. #.........# #..


You could see an orc priest and an adder.

Vanquished Creatures
  3 adders
  An ooze (D:1)
  2 worms (D:2)
  A dart slug (D:1)
  A leopard gecko (D:2)
  3 orcs
  6 bats
  9 hobgoblins
  7 kobolds
  A ball python (D:1)
  3 frilled lizards
  4 goblins
  8 rats
49 creatures vanquished.

Notes
Turn   | Place    | Note
-------+----------+-------------------------------------------
     0 | D:1      | Leeroy the Draconian Conjurer began the quest for the Orb.
     0 | D:1      | Reached XP level 1. HP: 14/14 MP: 3/3
   121 | D:1      | Reached XP level 2. HP: 14/20 MP: 1/5
   732 | D:1      | Reached XP level 3. HP: 26/26 MP: 6/6
   990 | D:1      | Learned a level 2 spell: Searing Ray
  1311 | D:2      | You fall into a shaft and drop 1 floor!
  1314 | D:3      | Found a stormy altar of Qazlal.
  1461 | D:2      | Found a basalt altar of Yredelemnul.
  1703 | D:2      | Found an ancient bone altar of Kikubaaqudgha.
  1714 | D:2      | Reached skill level 5 in Conjurations
  1714 | D:2      | Reached XP level 4. HP: 21/33 MP: 0/7
  1946 | D:2      | Found a blossoming altar of Fedhas.
  2319 | D:2      | Killed from afar by an orc priest

Levels and vault maps discovered:
D:1:      zaba_arrival_water, layout_loops_cross, serial_glass, glass_columns_a,
          glass_columns_a, feat_on_display, feat_on_display,
          minmay_strange_pillars
D:2:      layout_basic, marbit_many_paths, yredelemnul_altar_generic,
          fedhas_altar_1
D:3:      layout_basic, grunt_qazlal_clouds, first_ration,
          hangedman_feature_mirror, kennysheep_okawaru_gauntlet

Skill      XL: |  1  2  3 |
---------------+----------+-----
Stealth        | 2 3 |  3.0
Conjurations   | 5 |  5.3
Dodging        | |  1.7
Spellcasting   | |  2.0

Action                   |  1- 3 |  4- 6 || total
-------------------------+-------+-------++-------
Melee: Unarmed           |    28 |       ||    28
       Dagger            |    66 |       ||    66
       Tailslap          |    11 |     3 ||    14
       Short sword       |    95 |       ||    95
       Long sword        |     8 |    20 ||    28
 Cast: Magic Dart        |    11 |       ||    11
       Searing Ray       |     5 |     2 ||     7
  Use: Potion            |       |     1 ||     1
 Stab: Sleeping          |     3 |       ||     3
  Eat: Chunk             |     3 |     2 ||     5
Armor: Skin              |    96 |    22 ||   118
Dodge: Dodged            |   166 |    33 ||   199
       Rpst.: Long sword |     4 |    14 ||    18

Table legend:
 A = Non-vault XP
 B = Vault XP
 C = Vault XP percentage of total XP
 D = Non-vault monster count
 E = Vault monster count
 F = Vault count percentage of total count
                 A         B        C        D         E       F
            +---------+---------+-------+---------+---------+-------
      Total |     114 |      13 |  10.2 |      48 |       1 |   2.0
            +---------+---------+-------+---------+---------+-------
        D:1 |      45 |       0 |   0.0 |      24 |       0 |   0.0
        D:2 |      49 |      13 |  21.0 |      20 |       1 |   4.8
        D:3 |      20 |       0 |   0.0 |       4 |       0 |   0.0
            +---------+---------+-------+---------+---------+-------
